TOP OF THE 1ST |
Lee's Summit Tigers batting - Pitching for Grim Reapers : LHP Roy Burke
|
Pitching: LHP Roy Burke
|
|
Batting: RHB José Deleón
|
0-0: Ball 1-0: Fly out, F4 (Popup, 4M)
|
Batting: RHB William Flores
|
0-0: Called Strike 0-1: Ball 1-1: Foul Ball, location: 2F 1-2: Foul Ball, location: 2F 1-2: Foul Ball, location: 2F 1-2: Reached on error, E6 (Groundball, 6)
|
Batting: LHB Brian Lawson
|
0-0: SINGLE (Groundball, 3D) William Flores to second Runner from 2nd tries for 3rd, OUT!
|
Batting: RHB Tommy Smith
|
0-0: Ball 1-0: Called Strike 1-1: DOUBLE (Line Drive, 9LM) Brian Lawson to third Runner from 3rd tries for Home, SAFE, no throw
|
Batting: LHB Víctor Piña
|
0-0: Ball 1-0: Foul Ball, location: 2F 1-1: Swinging Strike 1-2: Ball 2-2: Strikes out looking
|
Top of the 1st over - 1 run, 2 hits, 1 error, 1 left on base; Lee's Summit 1 - Grim 0 |
BOTTOM OF THE 1ST |
Grim Reapers batting - Pitching for Lee's Summit Tigers : RHP Christiano Bray
|
Pitching: RHP Christiano Bray
|
|
Batting: RHB Arturo Franco
|
0-0: Foul Ball, location: 2F 0-1: Fly out, F4 (Line Drive, 4)
|
Batting: RHB Phil Martin
|
0-0: SINGLE (Groundball, 4D)
|
Batting: LHB Benny Lawson
|
0-0: Called Strike 0-1: Ball 1-1: Called Strike 1-2: Ball 2-2: Strikes out swinging
|
Batting: RHB Ramón Sánchez
|
0-0: Foul Ball, location: 2F 0-1: Foul Ball, location: 2F 0-2: Ball 1-2: Foul Ball, location: 2F 1-2: Ball 2-2: Ball 3-2: Base on Balls Phil Martin to second
|
Batting: RHB Júlio Núñez
|
0-0: Foul Ball, location: 2F 0-1: Ball 1-1: Ball 2-1: Ball 3-1: Base on Balls Phil Martin to third Ramón Sánchez to second
|
Batting: RHB Fred Wagner
|
0-0: Foul Ball, location: 2F 0-1: Swinging Strike 0-2: Fielders Choice at 2nd, 5-4 (Groundball, 5)
|
Bottom of the 1st over - 0 runs, 1 hit, 0 errors, 3 left on base; Lee's Summit 1 - Grim 0 |
TOP OF THE 2ND |
Lee's Summit Tigers batting - Pitching for Grim Reapers : LHP Roy Burke
|
Batting: RHB Stephen Segura
|
0-0: Ball 1-0: Called Strike 1-1: Ball 2-1: Ball 3-1: Foul Ball, location: 2F 3-2: Foul Ball, location: 2F 3-2: Strikes out swinging
|
Batting: RHB Gerardo Romero
|
0-0: Ball 1-0: Ball 2-0: Foul Ball, location: 2F 2-1: Called Strike 2-2: Strikes out swinging
|
Batting: LHB António Bonaccorsi
|
0-0: Bunted foul 0-1: Ball 1-1: Swinging Strike 1-2: Ball 2-2: Foul Ball, location: 2F 2-2: Foul Ball, location: 2F 2-2: Strikes out swinging
|
Top of the 2nd over - 0 runs, 0 hits, 0 errors, 0 left on base; Lee's Summit 1 - Grim 0 |
BOTTOM OF THE 2ND |
Grim Reapers batting - Pitching for Lee's Summit Tigers : RHP Christiano Bray
|
Batting: SHB Luis Sotelo
|
0-0: Called Strike 0-1: SINGLE (Flyball, 8LS)
|
Batting: RHB Pedro López
|
0-0: Ball 1-0: Ball 2-0: Called Strike 2-1: Ball 3-1: Called Strike 3-2: Grounds into double play, 5-4-3 (Groundball, 56)
|
Batting: RHB Mario Barker
|
0-0: Ball 1-0: Ball 2-0: SINGLE (Groundball, 34D)
|
Batting: RHB Arturo Franco
|
0-0: Foul Ball, location: 2F 0-1: Foul Ball, location: 2F 0-2: Fly out, F6 (Popup, 56)
|
Bottom of the 2nd over - 0 runs, 2 hits, 0 errors, 1 left on base; Lee's Summit 1 - Grim 0 |
TOP OF THE 3RD |
Lee's Summit Tigers batting - Pitching for Grim Reapers : LHP Roy Burke
|
Batting: SHB Enrique Bartoccini
|
0-0: SINGLE (Groundball, 56) (infield hit)
|
Batting: RHB José Deleón
|
0-0: Swinging Strike 0-1: Ball 1-1: Fly out, F3 (Popup, 34S)
|
Batting: RHB William Flores
|
0-0: Called Strike 0-1: Foul Ball, location: 2F 0-2: Strikes out looking
|
Batting: LHB Brian Lawson
|
0-0: Foul Ball, location: 2F 0-1: Called Strike Pickoff Throw to First - Error! E1 Enrique Bartoccini to second 0-2: Strikes out swinging
|
Top of the 3rd over - 0 runs, 1 hit, 1 error, 1 left on base; Lee's Summit 1 - Grim 0 |
BOTTOM OF THE 3RD |
Grim Reapers batting - Pitching for Lee's Summit Tigers : RHP Christiano Bray
|
Batting: RHB Phil Martin
|
0-0: Ball 1-0: Ball 2-0: Called Strike 2-1: Ball 3-1: Called Strike 3-2: Base on Balls
|
Batting: LHB Benny Lawson
|
0-0: SINGLE (Line Drive, 78M) Phil Martin to second
|
Batting: RHB Ramón Sánchez
|
0-0: SINGLE (Line Drive, 34) Phil Martin to third Benny Lawson to second
|
Batting: RHB Júlio Núñez
|
0-0: Foul Ball, location: 2F 0-1: Foul Ball, location: 2F 0-2: Foul Ball, location: 2F 0-2: Ball 1-2: Ball 2-2: Ball 3-2: SINGLE (Line Drive, 34D) Phil Martin scores Benny Lawson to third Ramón Sánchez to second
|
Batting: RHB Fred Wagner
|
0-0: Ball 1-0: Swinging Strike 1-1: Ball 2-1: Ball 3-1: Foul Ball, location: 2F 3-2: Foul Ball, location: 2F 3-2: Strikes out swinging
|
Batting: SHB Luis Sotelo
|
0-0: Fly out, F3 (Popup, 3S)
|
Batting: RHB Pedro López
|
0-0: Ball 1-0: Ball 2-0: Ball 3-0: Base on Balls Benny Lawson scores Ramón Sánchez to third Júlio Núñez to second
|
Batting: RHB Mario Barker
|
0-0: Called Strike 0-1: Foul Ball, location: 2F 0-2: Ball 1-2: Foul Ball, location: 2F 1-2: Ball 2-2: Ball 3-2: Foul Ball, location: 2F 3-2: Foul Ball, location: 2F 3-2: Base on Balls Ramón Sánchez scores Júlio Núñez to third Pedro López to second
|
Batting: RHB Arturo Franco
|
0-0: Called Strike 0-1: GRAND SLAM HOME RUN (Flyball, 7LD), Distance : 368 ft
|
Batting: RHB Phil Martin
|
0-0: Called Strike 0-1: Ball 1-1: Foul Ball, location: 2F 1-2: DOUBLE (Flyball, 8LD)
|
Pitching: RHP Francisco Ramírez
|
|
Batting: LHB Benny Lawson
|
0-0: Called Strike 0-1: Fly out, F7 (Flyball, 7LD)
|
Bottom of the 3rd over - 7 runs, 5 hits, 0 errors, 1 left on base; Lee's Summit 1 - Grim 7 |
TOP OF THE 4TH |
Lee's Summit Tigers batting - Pitching for Grim Reapers : LHP Roy Burke
|
Batting: RHB Tommy Smith
|
0-0: Ball 1-0: SINGLE (Flyball, 7S)
|
Batting: LHB Víctor Piña
|
0-0: Foul Ball, location: 2F 0-1: Foul Ball, location: 2F 0-2: Strikes out looking
|
Batting: RHB Stephen Segura
|
Error on foul ball, E9 0-1: Swinging Strike 0-2: Strikes out looking
|
Batting: RHB Gerardo Romero
|
0-0: Ball 1-0: Called Strike 1-1: Ball 2-1: Ball 3-1: Base on Balls Tommy Smith to second
|
Batting: LHB António Bonaccorsi
|
0-0: Foul Ball, location: 2F 0-1: SINGLE (Groundball, 56S) (infield hit) Tommy Smith to third Gerardo Romero to second
|
Batting: SHB Enrique Bartoccini
|
0-0: Called Strike 0-1: Ball 1-1: Ground out 4-3 (Groundball, 4)
|
Top of the 4th over - 0 runs, 2 hits, 1 error, 3 left on base; Lee's Summit 1 - Grim 7 |
BOTTOM OF THE 4TH |
Grim Reapers batting - Pitching for Lee's Summit Tigers : RHP Francisco Ramírez
|
Batting: RHB Ramón Sánchez
|
0-0: Ball 1-0: Swinging Strike 1-1: Ball 2-1: Swinging Strike 2-2: Strikes out swinging
|
Batting: RHB Júlio Núñez
|
0-0: Ground out 6-3 (Groundball, 6)
|
Batting: RHB Fred Wagner
|
0-0: Called Strike 0-1: Ball 1-1: Fly out, F4 (Line Drive, 4)
|
Bottom of the 4th over - 0 runs, 0 hits, 0 errors, 0 left on base; Lee's Summit 1 - Grim 7 |
TOP OF THE 5TH |
Lee's Summit Tigers batting - Pitching for Grim Reapers : LHP Roy Burke
|
Batting: RHB José Deleón
|
0-0: Ball 1-0: Swinging Strike 1-1: Foul Ball, location: 2F 1-2: Foul Ball, location: 2F 1-2: Strikes out looking
|
Batting: RHB William Flores
|
0-0: Swinging Strike 0-1: Called Strike 0-2: Foul Ball, location: 2F 0-2: Ball 1-2: Ball 2-2: Strikes out swinging
|
Batting: LHB Brian Lawson
|
0-0: Ball 1-0: Ball 2-0: Called Strike 2-1: DOUBLE (Flyball, 89D)
|
Batting: RHB Tommy Smith
|
0-0: Ball 1-0: SINGLE (Line Drive, 6D) Brian Lawson to third Runner from 3rd tries for Home, SAFE, throw made home
|
Batting: LHB Víctor Piña
|
0-0: Fielders Choice at 2nd, U4 (Groundball, 4M)
|
Top of the 5th over - 1 run, 2 hits, 0 errors, 1 left on base; Lee's Summit 2 - Grim 7 |
BOTTOM OF THE 5TH |
Grim Reapers batting - Pitching for Lee's Summit Tigers : RHP Francisco Ramírez
|
Batting: SHB Luis Sotelo
|
0-0: Ball 1-0: Swinging Strike 1-1: Ball 2-1: Ball 3-1: Base on Balls
|
Batting: RHB Pedro López
|
0-0: Called Strike 0-1: Fly out, F8 (Flyball, 89M)
|
Batting: RHB Mario Barker
|
0-0: Called Strike 0-1: Swinging Strike 0-2: Ball 1-2: Ball 2-2: Ball 3-2: Foul Ball, location: 2F 3-2: Base on Balls Luis Sotelo to second
|
Batting: RHB Arturo Franco
|
0-0: Foul Ball, location: 2F 0-1: Ball 1-1: Grounds into double play, 6-4-3 (Groundball, 6M)
|
Bottom of the 5th over - 0 runs, 0 hits, 0 errors, 1 left on base; Lee's Summit 2 - Grim 7 |
TOP OF THE 6TH |
Lee's Summit Tigers batting - Pitching for Grim Reapers : LHP Roy Burke
|
Batting: RHB Stephen Segura
|
0-0: Swinging Strike 0-1: Foul Ball, location: 2F 0-2: Foul Ball, location: 2F 0-2: Ball 1-2: SINGLE (Line Drive, 3)
|
Pitching: RHP Dan Ramsey
|
|
Batting: RHB Gerardo Romero
|
0-0: Ball 1-0: Swinging Strike 1-1: Foul Ball, location: 2F 1-2: Ball 2-2: Strikes out swinging
|
Batting: LHB António Bonaccorsi
|
0-0: Foul Ball, location: 2F 0-1: Foul Ball, location: 2F 0-2: Ball 1-2: Strikes out swinging
|
Batting: SHB Enrique Bartoccini
|
0-0: Ball 1-0: Ball 2-0: Ground out 4-3 (Groundball, 4S)
|
Top of the 6th over - 0 runs, 1 hit, 0 errors, 1 left on base; Lee's Summit 2 - Grim 7 |
BOTTOM OF THE 6TH |
Grim Reapers batting - Pitching for Lee's Summit Tigers : RHP Francisco Ramírez
|
Batting: RHB Phil Martin
|
0-0: Ball 1-0: Foul Ball, location: 2F 1-1: Foul Ball, location: 2F 1-2: SINGLE (Groundball, 6D)
|
Batting: LHB Benny Lawson
|
0-0: Ball 1-0: Ball 2-0: Called Strike 2-1: Swinging Strike 2-2: Fly out, F7 (Flyball, 7LM)
|
Batting: RHB Ramón Sánchez
|
0-0: Foul Ball, location: 2F 0-1: Ball 1-1: Ball 2-1: Foul Ball, location: 2F 2-2: Ball 3-2: Foul Ball, location: 2F 3-2: Base on Balls Phil Martin to second
|
Batting: RHB Júlio Núñez
|
0-0: Swinging Strike 0-1: Called Strike 0-2: Ball 1-2: SINGLE (Groundball, 4MD) Phil Martin to third Ramón Sánchez to second
|
Batting: RHB Fred Wagner
|
0-0: GRAND SLAM HOME RUN (Flyball, 7LD), Distance : 366 ft
|
Batting: SHB Luis Sotelo
|
0-0: Ball 1-0: Ball 2-0: Ball 3-0: Called Strike 3-1: Foul Ball, location: 2F 3-2: Ground out U3 (Groundball, 3L)
|
Batting: RHB Pedro López
|
0-0: Swinging Strike 0-1: Called Strike 0-2: Ball 1-2: Ground out 6-3 (Groundball, 6M)
|
Bottom of the 6th over - 4 runs, 3 hits, 0 errors, 0 left on base; Lee's Summit 2 - Grim 11 |
TOP OF THE 7TH |
Lee's Summit Tigers batting - Pitching for Grim Reapers : RHP Dan Ramsey
|
Batting: RHB José Deleón
|
0-0: Called Strike 0-1: Foul Ball, location: 2F 0-2: Strikes out swinging
|
Batting: RHB William Flores
|
0-0: Swinging Strike 0-1: Foul Ball, location: 2F 0-2: Foul Ball, location: 2F 0-2: Ball 1-2: Strikes out swinging
|
Batting: LHB Brian Lawson
|
0-0: Ball 1-0: Ball 2-0: Foul Ball, location: 2F 2-1: SINGLE (Groundball, 34S) (infield hit)
|
Batting: RHB Tommy Smith
|
0-0: Ball 1-0: Swinging Strike 1-1: Foul Ball, location: 2F 1-2: Fielders Choice at 2nd, 6-4 (Groundball, 6)
|
Top of the 7th over - 0 runs, 1 hit, 0 errors, 1 left on base; Lee's Summit 2 - Grim 11 |
BOTTOM OF THE 7TH |
Grim Reapers batting - Pitching for Lee's Summit Tigers : RHP Francisco Ramírez
|
Batting: RHB Mario Barker
|
0-0: Ball 1-0: Ball 2-0: Ball 3-0: Base on Balls
|
Batting: RHB Arturo Franco
|
0-0: Ball Mario Barker steals 2nd base 1-0: Ball 2-0: Ball 3-0: Base on Balls
|
Batting: RHB Phil Martin
|
0-0: Grounds into double play, 5-4-3 (Groundball, 5) Mario Barker to third
|
Batting: LHB Benny Lawson
|
0-0: SINGLE (Groundball, 25) (infield hit) Mario Barker scores
|
Batting: RHB Ramón Sánchez
|
0-0: Ball 1-0: SINGLE (Flyball, 8RS) Benny Lawson to second Runner from 2nd tries for 3rd, SAFE, no throw
|
Batting: RHB Júlio Núñez
|
0-0: Ball 1-0: Called Strike 1-1: Fly out, F8 (Flyball, 8RM)
|
Bottom of the 7th over - 1 run, 2 hits, 0 errors, 2 left on base; Lee's Summit 2 - Grim 12 |
TOP OF THE 8TH |
Lee's Summit Tigers batting - Pitching for Grim Reapers : RHP Dan Ramsey
|
Now at 1B: Marcos Fontanez
|
|
Now in LF: Jesús Pérez
|
|
Batting: LHB Víctor Piña
|
0-0: Foul Ball, location: 2F 0-1: Foul Ball, location: 2F 0-2: Ball 1-2: Strikes out looking
|
Batting: RHB Stephen Segura
|
0-0: Ball 1-0: Ball 2-0: Foul Ball, location: 2F 2-1: Ball 3-1: Called Strike 3-2: Reached on error, E6 (Groundball, 6)
|
Batting: RHB Gerardo Romero
|
0-0: Called Strike 0-1: Ball 1-1: Ball 2-1: Called Strike 2-2: Ball 3-2: Foul Ball, location: 2F 3-2: Ground out 1-3 (Groundball, 15S)
|
Batting: LHB António Bonaccorsi
|
0-0: Ball 1-0: Swinging Strike 1-1: Foul Ball, location: 2F 1-2: Ball 2-2: Ball 3-2: Base on Balls
|
Batting: SHB Enrique Bartoccini
|
0-0: Ground out 4-3 (Groundball, 4)
|
Top of the 8th over - 0 runs, 0 hits, 1 error, 2 left on base; Lee's Summit 2 - Grim 12 |
BOTTOM OF THE 8TH |
Grim Reapers batting - Pitching for Lee's Summit Tigers : RHP Francisco Ramírez
|
Batting: RHB Fred Wagner
|
0-0: Fly out, F6 (Line Drive, 6)
|
Batting: SHB Luis Sotelo
|
0-0: Ball 1-0: Ball 2-0: Fly out, F9 (Flyball, 89S)
|
Batting: RHB Pedro López
|
0-0: Ball 1-0: Ground out 6-3 (Groundball, 6)
|
Bottom of the 8th over - 0 runs, 0 hits, 0 errors, 0 left on base; Lee's Summit 2 - Grim 12 |
TOP OF THE 9TH |
Lee's Summit Tigers batting - Pitching for Grim Reapers : RHP Dan Ramsey
|
Batting: RHB José Deleón
|
0-0: Swinging Strike 0-1: Swinging Strike 0-2: Ball 1-2: Reached on error, E6 (Groundball, 6)
|
Pitching: RHP Jacob Pearson
|
|
Batting: RHB William Flores
|
0-0: Foul Ball, location: 2F 0-1: SINGLE (Groundball, 56D) José Deleón to second
|
Batting: LHB Brian Lawson
|
0-0: Foul Ball, location: 2F 0-1: Ball 1-1: Ball 2-1: Foul Ball, location: 2F 2-2: Strikes out swinging
|
Pinch Hitting: RHB Juan Rodríguez
|
0-0: Fielders Choice at 2nd, 6-4 (Groundball, 56) José Deleón to third
|
Batting: LHB Víctor Piña
|
0-0: Foul Ball, location: 2F 0-1: SINGLE (Flyball, 78M) José Deleón scores Juan Rodríguez to second
|
Batting: RHB Stephen Segura
|
0-0: Called Strike 0-1: Ball 1-1: Ball 2-1: Foul Ball, location: 2F 2-2: Ball 3-2: Strikes out swinging
|
Top of the 9th over - 1 run, 2 hits, 1 error, 2 left on base; Lee's Summit 3 - Grim 12 |
|